[Event "3rd International Chess Festival Sport"]
[Site "Paracin"]
[Date "2010.07.13"]
[Round "6.6"]
[White "Abramovic Bosko"]
[Black "Kryakvin Dmitry"]
[Result "1/2-1/2"]
[ECO "E69"]
[WhiteElo "2491"]
[BlackElo "2603"]
[Annotator "Milojevic,Boban"]
[PlyCount "37"]
[EventDate "2010.??.??"]
[TimeControl "5400"]

1. d4 Nf6 2. c4 g6 3. Nc3 Bg7 4. g3 O-O 5. Bg2 d6 6. Nf3 Nbd7 7. O-O e5 8. e4
c6 9. b3 Re8 10. h3 a6 11. Be3 exd4 12. Nxd4 Nc5 13. Qc2 Qe7 14. Rfe1 Bd7 15.
Bf4 Nh5 16. Be3 Nf6 17. Bf4 Nh5 18. Be3 Nf6 19. Bf4 1/2-1/2

[Event "3rd International Chess Festival Sport"]
[Site "Paracin"]
[Date "2010.07.13"]
[Round "6.6"]
[White "Nikolov Sasho"]
[Black "Damljanovic Branko"]
[Result "0-1"]
[ECO "B90"]
[WhiteElo "2409"]
[BlackElo "2541"]
[Annotator "Milojevic,Boban"]
[PlyCount "56"]
[EventDate "2010.??.??"]
[TimeControl "5400"]

1. e4 c5 2. Nf3 d6 3. d4 cxd4 4. Nxd4 Nf6 5. Nc3 a6 6. Be3 e5 7. Nb3 Be6 8. Qd2
Nbd7 9. f3 h5 10. Be2 Be7 11. O-O h4 12. a4 Rc8 13. Rfd1 O-O 14. a5 Nh7 15. Nc1
Ndf6 16. Bb6 Qe8 17. N1a2 Nh5 18. Nb4 Nf4 19. Bf1 f5 20. exf5 Rxf5 21. Nbd5
Nxd5 22. Nxd5 Bg5 23. Be3 e4 24. fxe4 Bxd5 25. Bxg5 Bxe4 26. Bxh4 Rxc2 27. Qd4
Rxf1+ 28. Kxf1 Qb5+ 0-1

[Event "3rd International Chess Festival Sport"]
[Site "Paracin"]
[Date "2010.07.13"]
[Round "6.6"]
[White "Nestorovic Dejan"]
[Black "Simantsev Mikhail"]
[Result "1/2-1/2"]
[ECO "D45"]
[WhiteElo "2422"]
[BlackElo "2539"]
[Annotator "Milojevic,Boban"]
[PlyCount "39"]
[EventDate "2010.??.??"]
[TimeControl "5400"]

1. d4 d5 2. c4 c6 3. Nf3 Nf6 4. e3 e6 5. Nc3 Nbd7 6. Qc2 Bd6 7. b3 O-O 8. Be2
Re8 9. O-O b6 10. Bb2 Bb7 11. Rfd1 Rc8 12. e4 dxe4 13. Nxe4 Nxe4 14. Qxe4 Nf6
15. Qh4 Qe7 16. Ne5 Nd7 17. Qxe7 Rxe7 18. Bf3 f6 19. Nxd7 Rxd7 20. Rd3 1/2-1/2

[Event "3rd International Chess Festival Sport"]
[Site "Paracin"]
[Date "2010.07.12"]
[Round "6.6"]
[White "Pantelic Sasa"]
[Black "Lajthajm Borko"]
[Result "1/2-1/2"]
[ECO "E32"]
[WhiteElo "2335"]
[BlackElo "2493"]
[Annotator "Milojevic,Boban"]
[PlyCount "140"]
[EventDate "2010.??.??"]
[TimeControl "5400"]

1. d4 Nf6 2. c4 e6 3. Nc3 Bb4 4. Qc2 O-O 5. a3 Bxc3+ 6. Qxc3 d6 7. Bg5 Nbd7 8.
e3 b6 9. Ne2 Bb7 10. Qc2 c5 11. Rd1 Qc7 12. Nc3 a6 13. Be2 h6 14. Bf4 cxd4 15.
exd4 e5 16. Be3 d5 17. dxe5 Nxe5 18. Qf5 dxc4 19. Bxh6 Rfe8 20. Be3 Qc6 21. Rg1
b5 22. Rd4 a5 23. g4 Bc8 24. Qf4 b4 25. g5 Nfg4 26. Nd5 c3 27. bxc3 bxc3 28.
Bxg4 c2 29. Be2 Ng6 30. Qc7 Qxc7 31. Nxc7 Rxe3 32. Kd2 Rxe2+ 33. Kxe2 Rb8 34.
Rc1 Bf5 35. Nd5 Rb1 36. Kd2 Rb5 37. Ne3 Be6 38. Rxc2 Rxg5 39. Rc7 Rh5 40. h3
Kh7 41. Ke2 Kg8 42. Ra7 Bb3 43. a4 Be6 44. Rb7 Rxh3 45. Rb5 Rh1 46. Rxa5 Ra1
47. Ra8+ Kh7 48. f4 Ra2+ 49. Kd1 Ne7 50. Kc1 Re2 51. Nc2 Nc6 52. Rd6 Ne7 53.
Nd4 Re4 54. Nxe6 fxe6 55. a5 Nd5 56. f5 Rc4+ 57. Kb2 Nc7 58. Kb3 Rc5 59. Rc8
exf5 60. Rd4 g5 61. Rd7+ Kg6 62. Rdxc7 Rxa5 63. Rc6+ Kh5 64. Rc5 Rxc5 65. Rxc5
g4 66. Kc3 g3 67. Kd3 g2 68. Rc8 Kg4 69. Ke2 g1=N+ 70. Kf2 Kg5 1/2-1/2

[Event "3rd International Chess Festival Sport"]
[Site "Paracin"]
[Date "2010.07.13"]
[Round "6.6"]
[White "Stanojoski Zvonko"]
[Black "Ardeleanu Alin"]
[Result "1-0"]
[ECO "B09"]
[WhiteElo "2487"]
[BlackElo "2399"]
[Annotator "Milojevic,Boban"]
[PlyCount "45"]
[EventDate "2010.??.??"]
[TimeControl "5400"]

1. e4 g6 2. d4 Bg7 3. Nc3 d6 4. f4 Nf6 5. Nf3 O-O 6. Bd3 Na6 7. O-O c5 8. d5
Bg4 9. Bc4 Nd7 10. h3 Bxf3 11. Rxf3 Nc7 12. a4 a6 13. a5 b5 14. axb6 Nxb6 15.
Bf1 Nb5 16. Nxb5 axb5 17. Rxa8 Nxa8 18. Bxb5 Qb6 19. Rb3 c4+ 20. Be3 Qc7 21.
Ra3 Bxb2 22. Ra7 Qd8 23. Bc6 1-0

[Event "3rd International Chess Festival Sport"]
[Site "Paracin"]
[Date "2010.07.13"]
[Round "6.6"]
[White "Janev Evgeni"]
[Black "Popovic Aleksandar M"]
[Result "1-0"]
[ECO "C68"]
[WhiteElo "2463"]
[BlackElo "2244"]
[Annotator "Milojevic,Boban"]
[PlyCount "101"]
[EventDate "2010.??.??"]
[TimeControl "5400"]

1. e4 e5 2. Nf3 Nc6 3. Bb5 a6 4. Bxc6 dxc6 5. Nc3 f6 6. d4 exd4 7. Nxd4 c5 8.
Nde2 Qxd1+ 9. Nxd1 Be6 10. Bf4 O-O-O 11. Ne3 c4 12. Rd1 Rxd1+ 13. Nxd1 Bc5 14.
Be3 Bd6 15. f4 Ne7 16. Kf2 Nc6 17. Ndc3 b5 18. a3 Re8 19. h3 Bd7 20. Rd1 Nd8
21. Ng3 Bc6 22. Nd5 Bf8 23. Kf3 Nb7 24. h4 Nd6 25. Bc5 Nxe4 26. Nxe4 f5 27.
Bxf8 fxe4+ 28. Ke3 Rxf8 29. Ne7+ Kb7 30. Rd4 Rf6 31. g4 a5 32. f5 h5 33. g5 Rf7
34. Nxc6 Kxc6 35. Kf4 e3 36. Re4 Rd7 37. Kxe3 Rd1 38. Rf4 Re1+ 39. Kd2 Re8 40.
a4 b4 41. Rxc4+ Kd6 42. Kd3 Re1 43. Rf4 Ke5 44. Rf2 Rd1+ 45. Kc4 Rd8 46. f6
gxf6 47. gxf6 Ke4 48. f7 Rf8 49. Kb5 Ke3 50. Rf6 Kd2 51. Kxa5 1-0

[Event "3rd International Chess Festival Sport"]
[Site "Paracin"]
[Date "2010.07.13"]
[Round "6.6"]
[White "Irizanin Radoje"]
[Black "Pavlov Sergey"]
[Result "1/2-1/2"]
[ECO "A30"]
[WhiteElo "2300"]
[BlackElo "2524"]
[Annotator "Milojevic,Boban"]
[PlyCount "190"]
[EventDate "2010.??.??"]
[TimeControl "5400"]

1. Nf3 Nf6 2. b3 c5 3. Bb2 b6 4. e3 Bb7 5. c4 e6 6. Be2 Be7 7. O-O O-O 8. Nc3
Nc6 9. Rc1 Rc8 10. d4 cxd4 11. Nxd4 a6 12. Bf3 Ba8 13. Nxc6 Bxc6 14. Bxc6 Rxc6
15. Qf3 Qc7 16. g3 Rb8 17. a4 Qb7 18. Rfd1 Ne8 19. Rd3 Rd6 20. Qxb7 Rxb7 21.
Rcd1 f5 22. e4 g6 23. Kg2 Kf7 24. f3 h5 25. h3 Rxd3 26. Rxd3 Nf6 27. Bc1 Bb4
28. Na2 Bc5 29. Nc3 Bb4 30. Na2 fxe4 31. fxe4 Be7 32. Nc3 d6 33. Ba3 Rd7 34.
Bc1 Rd8 35. e5 dxe5 36. Rxd8 Bxd8 37. Bg5 e4 38. Nxe4 Nxe4 39. Bxd8 Nd2 40.
Bxb6 Nxb3 41. Be3 Kf6 42. Kf3 Ke5 43. c5 Kd5 44. Kf4 Nxc5 45. a5 Ne4 46. g4 e5+
47. Kf3 Nd6 48. gxh5 gxh5 49. Bf2 Ke6 50. Be1 Kf5 51. Ke3 Ne4 52. Kd3 Ng5 53.
Kc4 Nxh3 54. Kc5 e4 55. Kb6 e3 56. Kxa6 Nf2 57. Kb6 h4 58. a6 h3 59. a7 h2 60.
a8=Q h1=Q 61. Qf8+ Ke4 62. Qa8+ Kf4 63. Qxh1 Nxh1 64. Kc5 Kf3 65. Kd4 Nf2 66.
Ba5 Nd1 67. Bb4 Ke2 68. Bd6 Kf3 69. Bb4 Kf2 70. Ba5 Nb2 71. Bb4 e2 72. Ba5 Nd1
73. Kd3 Ne3 74. Bb4 Nd5 75. Ba5 Kf3 76. Be1 Nf4+ 77. Kd4 Ng2 78. Ba5 Ne3 79.
Kd3 Kf2 80. Bb4 Nd5 81. Ba5 Nc7 82. Bb4 Na6 83. Ba5 Nc5+ 84. Kc4 Nb7 85. Bd2
Kf3 86. Kd4 Nd8 87. Kd3 Nc6 88. Bc3 Kf2 89. Bd2 Ne5+ 90. Ke4 Nc4 91. Bc3 Nb2
92. Bd2 Na4 93. Kd4 Kf1 94. Bb4 e1=R 95. Bxe1 Kxe1 1/2-1/2

[Event "3rd International Chess Festival Sport"]
[Site "Paracin"]
[Date "2010.07.13"]
[Round "6.6"]
[White "Colovic Dusan"]
[Black "Savic Miodrag R"]
[Result "0-1"]
[ECO "D00"]
[WhiteElo "2369"]
[BlackElo "2477"]
[Annotator "Milojevic,Boban"]
[PlyCount "148"]
[EventDate "2010.??.??"]
[TimeControl "5400"]

1. d4 Nf6 2. Nc3 d5 3. Bf4 Bf5 4. e3 e6 5. f3 Bd6 6. Nge2 Nc6 7. g4 Bg6 8. h4
h6 9. Qd2 e5 10. dxe5 Nxe5 11. Bxe5 Bxe5 12. O-O-O c6 13. Nf4 Qa5 14. Nxg6 Bxc3
15. Qxc3 Qxc3 16. bxc3 fxg6 17. Bd3 Kf7 18. c4 g5 19. h5 Rhd8 20. cxd5 cxd5 21.
Bf5 Kg8 22. Rd3 Re8 23. Rhd1 Re7 24. Kd2 Rf8 25. Bg6 Rc8 26. Rd4 Kf8 27. a4 Rc5
28. Ke2 Rec7 29. Rb1 b6 30. Rb5 Ke7 31. Rdb4 Kd6 32. Rxc5 Rxc5 33. Bf5 Rc3 34.
Rb3 Rc4 35. Ra3 Rc5 36. Rb3 Rc4 37. Ra3 d4 38. Kd3 Kc5 39. Be6 Rb4 40. c3 dxc3
41. Rxc3+ Kd6 42. Bb3 Nd7 43. Bc2 Nc5+ 44. Kd2 a5 45. Ra3 Kd5 46. Kc3 Nd7 47.
Ra1 Rc4+ 48. Kb2 Ke5 49. Bb3 Rb4 50. Kc3 Nc5 51. Bc2 Ke6 52. Bf5+ Kd5 53. Bc2
Kc6 54. Ra2 Nd7 55. Rb2 Rxb2 56. Kxb2 b5 57. axb5+ Kxb5 58. Kc3 Ne5 59. Bd1 Kc5
60. Be2 Nd7 61. Bd1 Nb6 62. Bb3 a4 63. Be6 Na8 64. Bd7 Nb6 65. Be6 Kd6 66. Bc4
a3 67. Bb3 Nd7 68. Kd4 Nc5 69. Ba2 Na6 70. Ke4 Nb4 71. Bg8 Ke7 72. Kf5 Nc2 73.
Ke4 Kf6 74. Kd3 Ke5 0-1